 Dungeon Sprint DCSS version 0.26-a0-667-g92642533e4 (webtiles) character file.

Game seed: 13825400979306912703

26 mhtbhm the Digger (level 2, 0/15 HPs)
             Began as a Deep Elf Earth Elementalist on Oct 18, 2020.
             Slain by a sky beast (5 damage)
             ... in the Dungeon (Sprint IX: "|||||||||||||||||||||||||||||").
             The game lasted 00:00:33 (95 turns).

mhtbhm the Digger (Deep Elf Earth Elementalist)       Turns: 95, Time: 00:00:34

Health: 0/15       AC:  2    Str:  5    XL:     2   Next: 89%
Magic:  9/9        EV: 13    Int: 19    God:
Gold:   0          SH:  0    Dex: 15    Spells: 9/10 levels left

rFire    . . .     SeeInvis .   (no weapon)
rCold    . . .     Faith    .   (no shield)
rNeg     . . .     Spirit   .   c - +0 robe
rPois    .         Reflect  .   (no helmet)
rElec    .         Harm     .   (no cloak)
rCorr    .         Rampage  .   (no gloves)
MR       .....     NoTele   +   (no boots)
Stlth    ++........             (no amulet)
HPRegen  0.05/turn              (no ring)
MPRegen  0.11/turn              (no ring)

@: no status effects
A: no striking features
a: no special abilities


You were in the Dungeon.
You visited 1 branch

Inventory:

Missiles
 b - 18 stones (quivered)
Armour
 c - a +0 robe (worn)
Scrolls
 i - a scroll of blinking
Potions
 d - a potion of curing
 f - a potion of haste
 g - a potion of magic
 h - a potion of berserk rage


   Skills:
 + Level 3.3 Dodging
 + Level 3.1 Stealth
 + Level 4.8 Spellcasting
   Level 1.1 Transmutations
 + Level 5.8 Earth Magic


You had 9 spell levels left.
You knew the following spells:

 Your Spells              Type           Power        Failure   Level
a - Sandblast             Erth           ####..       1%          1

Your spell library contained the following spells:

 Spells                   Type           Power        Failure   Level
 Passwall                 Tmut/Erth      ###.....     4%          2
 Stone Arrow              Conj/Erth      ###...       12%         3
 Petrify                  Tmut/Erth      ###.....     30%         4
 Lee's Rapid Deconstruct  Erth           ####......   32%         5


Dungeon Overview and Level Annotations

Branches:
Dungeon (1/1)

Altars:


Message History

The blast of sand hits something!
b - 19 stones Unknown command.
Casting: Sandblast (safe; 1% risk of failure)
Confirm with . or Enter, or press ? or * to list all spells.
Press: ? - help, Shift-Dir - straight line The blast of sand hits something.
b - 18 stones Something hits you.
Something shocks you.
* * * LOW HITPOINT WARNING * * *
Unknown command.
You feel much better. Something hits you. Something shocks you.
Casting: Sandblast (safe; 1% risk of failure)
Confirm with . or Enter, or press ? or * to list all spells.
You don't have enough magic to cast that spell.
Sorry, you're not good enough to have a special ability.
Magic courses through your body.
A sky beast appears from thin air!
Reactivating autopickup.
The sky beast hits you. The sky beast shocks you.
You die...

▓+▓
▓.▓
▓.▓
▓.▓
▓.▓
▓l▓
▓Y▓
▓@▓
▓.▓
▓.▓
▓.▓
▓)▓
▓)▓
▓.▓
▓.▓
▓.▓


You could see a sky beast and an iguana.

Vanquished Creatures
  2 adders (D)
  A leopard gecko (D)
  2 giant cockroaches (D)
  A hobgoblin (D)
  2 kobolds (D)
8 creatures vanquished.

Notes
Turn   | Place    | Note
-------+----------+-------------------------------------------
     0 | D        | mhtbhm the Deep Elf Earth Elementalist began the quest for
                  | the Orb.
     0 | D        | Reached XP level 1. HP: 10/10 MP: 6/6
     7 | D        | Reached skill level 4 in Earth Magic
    86 | D        | Noticed an iguana
    86 | D        | Noticed a sky beast
    90 | D        | Reached skill level 5 in Earth Magic
    90 | D        | Reached XP level 2. HP: 15/15 MP: 3/9
    95 | D        | Slain by a sky beast

Illustrated notes

Levels and vault maps discovered:
D:        linesprint [early_d, line_temple, items_1, d_10, items_2, lair_1,
          lair_end, items_3, orc_1, orc_end, items_4, d_15, swamp_1, shoals_1,
          snake_1, spider_1, d_20, vaults_1, items_5, swamp_end, shoals_end,
          snake_end, spider_end, vaults_end, d_27, items_6, zot_1, zot_end,
          crypt_end, forest_end, elf_end, slime_end, tomb_end, abyss_end,
          pan_hell_end]

Skill      XL: |  1 |
---------------+----+-----
Earth Magic    | 5 |  5.8
Dodging        | 3 |  3.3
Stealth        | 3 |  3.1
Spellcasting   | 4 |  4.8
Transmutations | |  1.1

Action                   || total
-------------------------++-------
 Cast: Sandblast         ||    14
  Use: Potion            ||     2
Armor: Robe              ||     1
Dodge: Dodged            ||     5

Table legend: (Time is in decaauts)
 A = Elapsed time spent in this place.
 B = Non-inter-level travel time spent in this place.
 C = Inter-level travel time spent in this place.
 D = Time resting spent in this place.
 E = Time spent auto-exploring this place.
 F = Levels seen in this place.
 G = Mean time per level.
                   A        B        C        D        E       F      G
               +--------+--------+--------+--------+--------+-----+--------+
         Total |     95 |     95 |      0 |     61 |      3 |   1 |   95.0 |
       Dungeon |     95 |     95 |      0 |     61 |      3 |   1 |   95.0 |
               +--------+--------+--------+--------+--------+-----+--------+

Top non-repeatable levels by time:
       D: 95 daAuts
